 Dungeon Crawl Stone Soup version 0.26.1-2-gb8aa6d0cf2 (webtiles) character file.

Game seed: 18153198495067138356

13183 dohliylev the Blocker (level 12, -1/75 HPs)
             Began as a Gargoyle Berserker on Mar 26, 2021.
             Was a High Priest of Trog.
             Killed from afar by an orc wizard (3 damage)
             ... with a puff of flame
             ... on level 2 of the Orcish Mines.
             The game lasted 00:32:45 (11392 turns).

dohliylev the Blocker (Gargoyle Berserker)         Turns: 11392, Time: 00:32:46

Health: -1/75      AC: 20    Str: 31    XL:     12   Next: 3%
Magic:  12/12      EV: 13    Int:  9    God:    Trog [*****.]
Gold:   1125       SH: 14    Dex: 12    Spells: 11/11 levels left

rFire    + . .     SeeInvis .   o - +5 trident of the Twisting Sybil {venom, rPois rF+ Will+}
rCold    . . .     Faith    +   r - +0 kite shield
rNeg     + . .     Spirit   .   H - +0 troll leather armour
rPois    ∞         Reflect  .   q - +1 helmet
rElec    +         Harm     .   I - +0 cloak {Will+}
rCorr    .         Rampage  .   J - +1 pair of gloves {Dex+3}
Will     ++++.                  (no boots)
Stlth    +.........             g - amulet of faith
HPRegen  1.62/turn              m - +4 ring of slaying
MPRegen  0.13/turn              a - +6 ring of strength

@: berserk cooldown, regenerating, slowed, studying Shields, very slow
A: negative energy resistance 1, electricity resistance, unbreathing,
petrification resistance, miasma immunity, AC +8
a: Renounce Religion, Berserk, Trog's Hand, Brothers in Arms


You were on level 2 of the Orcish Mines.
You worshipped Trog.
Trog was extremely pleased with you.
You visited 3 branches of the dungeon, and saw 13 of its levels.
You also visited: Sewer.

You collected 1297 gold pieces.
You spent 172 gold pieces at shops.

Inventory:

Hand Weapons
 o - the +5 trident of the Twisting Sybil (weapon) {venom, rPois rF+ Will+}
   (You found it on level 8 of the Dungeon)

   It poisons the flesh of those it strikes.
   It protects you from fire.
   It protects you from poison.
   It affects your willpower, your defense against some magical effects.
 C - the cursed +1 trident "Foec" {venom, rC+}
   (You took it off a gnoll sergeant on level 4 of the Dungeon)

   It poisons the flesh of those it strikes.
   It protects you from cold.
   It has a curse placed upon it.
 D - a +6 glaive of flaming
Armour
 q - a +1 helmet (worn)
 r - a +0 kite shield (worn)
 z - a +1 cloak of preservation
 H - a +0 troll leather armour (worn)
 I - a +0 cloak of willpower (worn)
 J - a +1 pair of gloves of dexterity (worn)
 L - +0 fire dragon scales
Jewellery
 a - a +6 ring of strength (right hand)
 g - an amulet of faith (around neck)
 m - a +4 ring of slaying (left hand)
 s - an uncursed ring of protection from cold
 w - an uncursed ring of willpower
 K - an uncursed ring of positive energy {unknown}
Wands
 t - a wand of digging (10)
Scrolls
 b - 5 scrolls of teleportation
 d - 10 scrolls of remove curse
 k - 2 scrolls of fog {unknown}
 l - a scroll of magic mapping
 n - 4 scrolls of fear
 p - a scroll of immolation {unknown}
 y - a scroll of blinking {unknown}
 E - 2 scrolls of identify
 G - 3 scrolls of enchant armour
Potions
 c - 2 potions of flight {unknown}
 e - a potion of might {unknown}
 f - a potion of lignification {unknown}
 h - 4 potions of heal wounds {unknown}
 i - 7 potions of curing {unknown}
 j - 4 potions of haste {unknown}
 u - 3 potions of attraction {unknown}
 v - 3 potions of mutation {unknown}
 x - 2 potions of degeneration {unknown}
 A - a potion of magic {unknown}
 B - a potion of ambrosia {unknown}
Books
 F - a manual of Shields


   Skills:
 + Level 8.7 Fighting
 + Level 9.4(10.6) Axes
 + Level 8.0(10.0) Polearms
 + Level 8.3 Armour
 + Level 4.0 Dodging
 + Level 11.9 Shields


You had 11 spell levels left.
You didn't know any spells.
Your spell library was empty.

Dungeon Overview and Level Annotations

Branches:
Dungeon (10/15)            Temple (1/1) D:7            Lair (0/6) D:10
    Orc (2/2) D:10          Sewer (visited)
    Elf: Orc:2

Altars:
Ashenzari
Cheibriados
Fedhas
Gozag
Hepliaklqana
Nemelex Xobeh
Okawaru
Qazlal
Ru
Uskayaw
Vehumet
Yredelemnul
Zin
The Shining One
Beogh
Jiyva

Shops:
D:4 (   D:5 (   D:9 [((!}

Annotations:
Orc:2 Blork the orc


Innate Abilities, Weirdness & Mutations

You are resistant to torment.
Your stone body is resilient. (AC +8)
You are immune to poison.
You resist negative energy. (rN+)
You are resistant to electric shocks. (rElec)
You can survive without breathing.
You are immune to petrification.
You are immune to miasma.


Message History

Something hits you but does no damage. You block the orc knight's attack.
You block the orc's attack.
The orc priest invokes the aid of Beogh against you.
Beogh smites you!
An orc warrior comes into view. It is wielding a +0 halberd.
The orc knight hits you from afar with a +0 bardiche of flaming!!!
* * * LOW HITPOINT WARNING * * *
The orc knight burns you.
* * * LOW HITPOINT WARNING * * *
Your deep troll bites something but does no damage.
Your deep troll claws something.
Your deep troll claws something!!
Trog accepts your kill.
Trog appreciates your killing of a magic user.
Reactivating autopickup.
You feel a bit more experienced.
You hear some strange, mumbled words.
A puff of flame appears from out of thin air!
Deactivating autopickup; reactivate with Ctrl-A.
The puff of flame hits you. You resist.
You die...

......... o. ........#####oo
..........8....
............o..o
.$..............
................
.......Too.8..oo .......)o##
.......o@o# ......).o{#
#o....# .........## #.....#
.....#....# #8...8###
..........)# #.....#.##
............#######.....#..#
..............##.##.........
#..........#.##...##........
.#....#........#....)...o...


You could see 2 orc knights, an orc sorcerer (strong), Blork the orc (strong), 2
orc warriors, an orc priest (strong), an orc (strong) and a friendly deep troll
(summoned, berserk).

Vanquished Creatures
  A fire dragon (D:10)
  Erolcha (D:9)
  A boulder beetle (D:10)
  A two-headed ogre (D:10)
  The ghost of Nebesus the Stinger, a novice NaVM of Cheibriados (D:7)
  2 orc knights (Orc:2)
  An orc sorcerer (Orc:2)
  5 trolls
  Grinder (D:5)
  A spriggan (D:10)
  A wyvern (D:9)
  Grum (D:9)
  The ghost of nightchill the Poker, an amateur MfGl of Ru (D:4)
  Edmund (D:5)
  A warg (D:7)
  3 water moccasins
  14 orc warriors
  An ice beast (D:7)
  4 ogres
  An eye of draining (D:10)
  5 phantoms
  4 wolves (D:9)
  4 centaurs
  2 big kobolds
  5 bullfrogs
  A gnoll sergeant (D:4)
  A water moccasin zombie (D:5)
  4 scorpions
  10 wights
  2 howler monkeys
  6 hounds
  A gnoll shaman (D:7)
  7 jellies
  7 orc priests
  2 bullfrog skeletons
  A quasit (D:7)
  A centaur skeleton (D:10)
  Crazy Yiuf (D:4)
  Ijyb (D:3)
  Jessica (D:2)
  3 iguanas
  15 orc wizards
  4 worker ants
  A worker ant zombie (D:8)
  8 gnolls
  2 river rats
  16 adders
  5 shadow imps
  An ufetubus (D:10)
  An ooze (D:1)
  2 adder zombies
  4 adder skeletons
  6 worms
  3 dart slugs
  11 leopard geckos
  65 orcs
  2 ball pythons
  9 bats
  12 giant cockroaches
  9 goblins
  6 hobgoblins
  11 jackals
  18 kobolds
  5 quokkas
  3 frilled lizards
  2 jackal skeletons
  A leopard gecko skeleton (D:7)
  16 rats
350 creatures vanquished.

Vanquished Creatures (collateral kills)
  An orc wizard (Orc:2)
1 creature vanquished.

Vanquished Creatures (others)
  6 plants (D:4)
6 creatures vanquished.

Grand Total: 357 creatures vanquished

Notes
Turn   | Place    | Note
-------+----------+-------------------------------------------
     0 | D:1      | dohliylev the Gargoyle Berserker began the quest for the
                  | Orb.
     0 | D:1      | Reached XP level 1. HP: 14/14 MP: 1/1
    23 | D:1      | Reached XP level 2. HP: 12/19 MP: 2/2
   482 | D:1      | Reached XP level 3. HP: 22/24 MP: 3/3
   581 | D:1      | Reached ** piety under Trog
   841 | D:2      | Found a snail-covered altar of Cheibriados.
   861 | D:2      | Noticed Jessica
   873 | D:2      | Reached XP level 4. HP: 29/29 MP: 4/4
   877 | D:2      | Killed Jessica
  1021 | D:2      | Reached XP level 5. HP: 33/33 MP: 5/5
  1028 | D:2      | Found a blossoming altar of Fedhas.
  1248 | D:2      | Reached *** piety under Trog
  1689 | D:2      | Found a stormy altar of Qazlal.
  1885 | D:3      | Reached XP level 6. HP: 33/39 MP: 6/6
  1938 | D:3      | Found a sacrificial altar of Ru.
  2231 | D:3      | Noticed Ijyb
  2258 | D:3      | Killed Ijyb
  2359 | D:3      | Reached **** piety under Trog
  2463 | D:3      | Found a sparkling altar of Nemelex Xobeh.
  2669 | D:4      | Reached skill level 5 in Axes
  2669 | D:4      | Reached skill level 1 in Shields
  2750 | D:4      | Found Recu Sai's Weapon Boutique.
  2868 | D:4      | Found a glowing silver altar of Zin.
  2869 | D:4      | Found an iron altar of Okawaru.
  2871 | D:4      | Found an opulent altar of Gozag.
  2875 | D:4      | Found a basalt altar of Yredelemnul.
  2876 | D:4      | Found a glowing golden altar of the Shining One.
  2877 | D:4      | Found a radiant altar of Vehumet.
  2881 | D:4      | Found a hazy altar of Hepliaklqana.
  2908 | D:4      | Found a hide-covered altar of Uskayaw.
  2932 | D:4      | Found a transporter.
  2949 | D:4      | Identified the cursed +1 trident "Foec" {venom, rC+}
  2950 | D:4      | Noticed nightchill's ghost (amateur MfGl)
  2967 | D:4      | Noticed a phantom
  2986 | D:4      | Killed a phantom
  2987 | D:4      | Reached XP level 7. HP: 43/44 MP: 7/7
  3002 | D:4      | Reached skill level 2 in Shields
  3038 | D:4      | Found a transporter.
  3171 | D:4      | Found a runed translucent door.
  3172 | D:4      | Noticed Crazy Yiuf
  3285 | D:4      | Killed Crazy Yiuf
  3386 | D:4      | Killed nightchill's ghost
  3632 | D:5      | Entered Level 5 of the Dungeon
  3669 | D:5      | Reached skill level 3 in Shields
  3669 | D:5      | Reached XP level 8. HP: 48/48 MP: 8/8
  3749 | D:5      | Reached skill level 5 in Armour
  3756 | D:5      | Found a glowing drain.
  3760 | Sewer    | Entered a sewer
  3765 | Sewer    | Reached skill level 5 in Fighting
  3895 | Sewer    | Reached ***** piety under Trog
  3951 | Sewer    | Found a white marble altar of Elyvilon.
  4048 | D:5      | Found Leigalubi's Antique Weapon Shoppe.
  4281 | D:5      | Noticed Grinder
  4303 | D:5      | Killed Grinder
  4304 | D:5      | Reached skill level 4 in Shields
  4453 | D:5      | Found a sparkling altar of Nemelex Xobeh.
  4673 | D:5      | Noticed Edmund
  4682 | D:5      | Killed Edmund
  5924 | D:6      | Reached XP level 9. HP: 55/55 MP: 9/9
  6011 | D:7      | Noticed a troll
  6021 | D:7      | Killed a troll
  6022 | D:7      | Reached skill level 5 in Shields
  6326 | D:7      | Reached skill level 6 in Shields
  6348 | D:7      | Found a staircase to the Ecumenical Temple.
  6610 | D:7      | Found a runed translucent gate.
  6610 | D:7      | Noticed Nebesus's ghost (novice NaVM)
  6611 | D:7      | Found a runed translucent gate.
  6612 | D:7      | Found a runed translucent gate.
  6613 | D:7      | Found a roughly hewn altar of Beogh.
  6664 | D:7      | Reached skill level 7 in Shields
  7243 | D:7      | Received a gift from Trog
  7244 | D:7      | Reached skill level 8 in Shields
  7244 | D:7      | Reached XP level 10. HP: 61/61 MP: 10/10
  7247 | D:7      | Killed Nebesus's ghost
  7386 | Temple   | Entered the Ecumenical Temple
  7496 | D:8      | Reached skill level 9 in Shields
  7681 | D:8      | Got an ancient trident
  7682 | D:8      | Identified the +5 trident of the Twisting Sybil {venom,
                  | rPois rF+ Will+} (You found it on level 8 of the Dungeon)
  7816 | D:8      | Found a viscous altar of Jiyva.
  7905 | D:8      | Reached skill level 1 in Polearms
  7994 | D:8      | Found a sparkling altar of Nemelex Xobeh.
  8530 | D:9      | Found Ydylyiqy's Distillery.
  8543 | D:9      | Found Ruuziok's Gadget Shoppe.
  8620 | D:9      | Found a broken altar of Ashenzari.
  8716 | D:9      | Received a gift from Trog
  8795 | D:9      | Got a jewelled hunting sling
  8796 | D:9      | Identified the +5 hunting sling "Newt's Nightmare" {freeze,
                  | Str+2 Dex+4} (You found it on level 9 of the Dungeon)
  8799 | D:9      | Noticed Grum
  8800 | D:9      | Found Dulol's Antique Weapon Emporium.
  8800 | D:9      | Noticed Erolcha
  8810 | D:9      | Reached skill level 10 in Shields
  8818 | D:9      | Killed Erolcha
  8819 | D:9      | Reached XP level 11. HP: 57/68 MP: 11/11
  8833 | D:9      | Killed Grum
  8977 | D:9      | Found Ytaked's Armour Shoppe.
  9039 | D:9      | Reached skill level 5 in Polearms
  9095 | D:9      | Bought a +0 cloak of willpower for 172 gold pieces
  9220 | D:9      | Found Qoidev's Antique Weapon Shoppe.
  9323 | D:10     | Entered Level 10 of the Dungeon
  9347 | D:10     | Found a staircase to the Lair.
  9348 | D:10     | Noticed a fire dragon
  9369 | D:10     | Killed a fire dragon
  9632 | D:10     | Reached skill level 11 in Shields
  9783 | D:10     | Noticed a two-headed ogre
  9790 | D:10     | Killed a two-headed ogre
 10031 | D:10     | Noticed a boulder beetle
 10047 | D:10     | Killed a boulder beetle
 10449 | D:10     | Found a staircase to the Orcish Mines.
 10663 | Orc:1    | Entered Level 1 of the Orcish Mines
 10939 | Orc:2    | Entered Level 2 of the Orcish Mines
 10992 | Orc:2    | Noticed an orc knight
 11012 | Orc:2    | Killed an orc knight
 11078 | Orc:2    | Noticed an orc knight
 11108 | Orc:2    | Killed an orc knight
 11335 | Orc:2    | Noticed an orc sorcerer
 11347 | Orc:2    | Killed an orc sorcerer
 11348 | Orc:2    | Reached XP level 12. HP: 60/75 MP: 12/12
 11389 | Orc:2    | Noticed Blork the orc
 11392 | Orc:2    | HP: 2/75 [orc knight/+0 bardiche of flaming (4)]
 11392 | Orc:2    | Killed from afar by an orc wizard

Illustrated notes

Levels and vault maps discovered:
D:1:      minmay_arrival_checkered_box, layout_rooms, minmay_tetromino_s2
D:2:      layout_loops_ring, marbit_many_paths, cheibriados_altar_1,
          nicolae_qazlal_eye_of_the_storm, uniq_jessica
D:3:      layout_basic, nicolae_ru_sacrificial_ziggurat, hangedman_decor_push,
          nemelex_lonely_heart_becter, uniq_ijyb
D:4:      layout_rooms, minitemple, kennysheep_little_box, serial_shops, shop,
          gammafunk_ghost_gnarly_gnolls, uniq_crazy_yiuf_cottage
D:5:      layout_layer_cave, gup_sewer_entry_spiral, serial_shops,
          nicolae_shop_overgrown_old_shop, nemelex_spade_bored_becter,
          uniq_grinder, uniq_edmund
D:6:      minmay_evil_eye, layout_basic
D:7:      layout_cave_pods, minmay_temple_entry_drinking_statues,
          biasface_ghost_orc_armoury, grunt_ministairs_1
D:8:      wad_arrow_thing, layout_basic, nemelex_altar_shiori, serial_glass,
          glass_columns_a, glass_columns_a, item_on_display_a, jiyva_altar_1
D:9:      layout_cave_pools, evilmike_ruin_ashenzari, serial_shops, shop_statue,
          nicolae_shop_waterfront, shop, shop, nicolae_shop_trees, uniq_grum,
          uniq_erolcha
D:10:     layout_irregular_city, minmay_lair_entry_lava, hiddenorc1_lemuel,
          the_bakery
Temple:   nicolae_temple_figure_zero
Orc:1:    layout_caves, uniq_snorg
Orc:2:    grunt_orc_cross, layout_caves

Skill      XL: |  1  2  3  4  5  6  7  8  9 10 11 |
---------------+----------------------------------+-----
Axes           | 3 4 5 6 7 8 9 |  9.4
Fighting       | 4 5 6 7 8 |  8.7
Dodging        | 2 3 4 |  4.0
Armour         | 3 4 5 6 7 8 |  8.3
Shields        | 1 3 4 8 10 11 | 11.9
Polearms       | 4 8 |  8.0

Action                   |  1- 3 |  4- 6 |  7- 9 | 10-12 || total
-------------------------+-------+-------+-------+-------++-------
Melee: Hand axe          |    91 |   216 |   283 |    52 ||   642
       Trident           |       |       |       |   376 ||   376
Invok: Berserk           |     2 |     2 |    10 |     6 ||    20
       Trog's Hand       |       |     2 |     4 |     7 ||    13
       Brothers in Arms  |       |       |       |     1 ||     1
  Use: Scroll            |       |     1 |     4 |     4 ||     9
Armor: Animal skin       |     3 |       |       |       ||     3
       Chain mail        |    50 |   200 |    30 |       ||   280
       Scale mail        |       |       |   108 |    26 ||   134
       Plate armour      |       |       |       |    90 ||    90
       Troll leather arm |       |       |       |    25 ||    25
Dodge: Dodged            |    50 |    63 |    94 |   107 ||   314
Block: Kite shield       |       |    50 |   163 |   237 ||   450
